TOP OF THE 1ST |
University of California Golden Bears batting - Pitching for Clemson University Tigers : RHP John Sweet
|
Pitching: RHP John Sweet
|
|
Batting: RHB Mike Trueblood
|
0-0: Called Strike 0-1: Ground out 5-3 (Groundball, 56, EV 85.6 MPH)
|
Batting: LHB Carlos Gaona
|
0-0: Ball 1-0: Called Strike 1-1: Foul Ball, location: 2F 1-2: Ball 2-2: Ball 3-2: Foul Ball, location: 2F 3-2: Strikes out looking
|
Batting: RHB Nate Mahon
|
0-0: Ground out 6-3 (Groundball, 6S, EV 90.0 MPH)
|
Top of the 1st over - 0 runs, 0 hits, 0 errors, 0 left on base; University of California 0 - Clemson University 0 |
BOTTOM OF THE 1ST |
Clemson University Tigers batting - Pitching for University of California Golden Bears : RHP Phil McLaughlin
|
Pitching: RHP Phil McLaughlin
|
|
Batting: LHB Steve Gates
|
0-0: Ball 1-0: Called Strike 1-1: Fly out, F8 (Flyball, 89D, EV 80.6 MPH)
|
Batting: LHB Wade Girard
|
0-0: Fly out, F8 (Flyball, 8RD, EV 95.6 MPH)
|
Batting: RHB Josh LeSage
|
0-0: Called Strike 0-1: Swinging Strike 0-2: Ball 1-2: Ball 2-2: Ball 3-2: Fly out, F8 (Flyball, 8RM, EV 93.1 MPH)
|
Bottom of the 1st over - 0 runs, 0 hits, 0 errors, 0 left on base; University of California 0 - Clemson University 0 |
TOP OF THE 2ND |
University of California Golden Bears batting - Pitching for Clemson University Tigers : RHP John Sweet
|
Batting: RHB Ivan Rivera
|
0-0: Ball 1-0: Foul Ball, location: 2F 1-1: SINGLE (Line Drive, 9S, EV 113.1 MPH)
|
Batting: RHB Steve Kirby
|
0-0: Ball 1-0: Ball 2-0: Ball 3-0: Called Strike 3-1: Foul Ball, location: 2F 3-2: SINGLE (Line Drive, 89S, EV 93.1 MPH) Ivan Rivera to second Runner from 2nd tries for 3rd, SAFE, throw by RF made to third
|
Batting: RHB Shawn Jansen
|
0-0: Ball 1-0: SINGLE (Groundball, 34S, EV 88.8 MPH) (infield hit) Ivan Rivera scores Steve Kirby to second
|
Batting: LHB Luis Orellana
|
0-0: Ball 1-0: Foul Ball, location: 2F 1-1: Ball 2-1: Fielders Choice at 2nd, 3-6 (Groundball, 34, EV 96.2 MPH) Steve Kirby to third
|
Batting: LHB Pavla Markianov
|
0-0: Called Strike 0-1: Swinging Strike 0-2: Ball 1-2: Ball 2-2: Fly out, F8 (Flyball, 8RD, EV 89.4 MPH) Runner from 3rd tags up, SCORES, throw by CF
|
Batting: RHB Ahmed Elezi
|
0-0: Called Strike 0-1: Ball 1-1: Called Strike 1-2: Ball 2-2: Ball Passed Ball! Luis Orellana to second 3-2: Strikes out looking
|
Top of the 2nd over - 2 runs, 3 hits, 0 errors, 1 left on base; University of California 2 - Clemson University 0 |
BOTTOM OF THE 2ND |
Clemson University Tigers batting - Pitching for University of California Golden Bears : RHP Phil McLaughlin
|
Batting: RHB Jason Duncan
|
0-0: Called Strike 0-1: Swinging Strike 0-2: Ball 1-2: Strikes out swinging
|
Batting: LHB Jonathan Watt
|
0-0: Ball 1-0: Foul Ball, location: 2F 1-1: Ground out 6-3 (Groundball, 6, EV 104.4 MPH)
|
Batting: RHB Adrian Franz
|
0-0: Foul Ball, location: 2F 0-1: SINGLE (Groundball, 6S, EV 71.9 MPH) (infield hit)
|
Batting: RHB Steve Brock
|
0-0: Foul Ball, location: 2F 0-1: Ball 1-1: Ball 2-1: Called Strike 2-2: Fly out, F8 (Flyball, 8RXD, EV 95.6 MPH)
|
Bottom of the 2nd over - 0 runs, 1 hit, 0 errors, 1 left on base; University of California 2 - Clemson University 0 |
TOP OF THE 3RD |
University of California Golden Bears batting - Pitching for Clemson University Tigers : RHP John Sweet
|
Batting: RHB Mike Trueblood
|
0-0: Called Strike 0-1: Ball 1-1: Called Strike 1-2: Ground out 6-3 (Groundball, 6, EV 84.4 MPH)
|
Batting: LHB Carlos Gaona
|
0-0: Called Strike 0-1: SINGLE (Line Drive, 4MD, EV 94.4 MPH)
|
Batting: RHB Nate Mahon
|
0-0: Ball 1-0: Called Strike 1-1: Ball 2-1: Foul Ball, location: 2F 2-2: Ball 3-2: Fly out, F4 (Popup, 34, EV 81.9 MPH)
|
Batting: RHB Ivan Rivera
|
0-0: Fly out, F7 (Flyball, 7S, EV 82.5 MPH)
|
Top of the 3rd over - 0 runs, 1 hit, 0 errors, 1 left on base; University of California 2 - Clemson University 0 |
BOTTOM OF THE 3RD |
Clemson University Tigers batting - Pitching for University of California Golden Bears : RHP Phil McLaughlin
|
Batting: LHB Bryant Dill
|
0-0: Ball 1-0: Swinging Strike 1-1: Ball 2-1: Ball 3-1: Base on Balls
|
Batting: RHB Ross Hallock
|
0-0: Ball Bryant Dill steals 2nd base 1-0: Ball 2-0: Ground out 3-1 (Groundball, 34S, EV 92.5 MPH) Bryant Dill to third
|
Batting: LHB Steve Gates
|
0-0: Ball 1-0: Foul Ball, location: 2F 1-1: Foul Ball, location: 2F 1-2: Ground out 4-3 (Groundball, 4S, EV 91.9 MPH) Bryant Dill scores
|
Batting: LHB Wade Girard
|
0-0: Swinging Strike 0-1: Ball 1-1: Ball 2-1: Fly out, F8 (Flyball, 8LXD, EV 104.4 MPH)
|
Bottom of the 3rd over - 1 run, 0 hits, 0 errors, 0 left on base; University of California 2 - Clemson University 1 |
TOP OF THE 4TH |
University of California Golden Bears batting - Pitching for Clemson University Tigers : RHP John Sweet
|
Batting: RHB Steve Kirby
|
0-0: Called Strike 0-1: Ball 1-1: Called Strike 1-2: Foul Ball, location: 2F 1-2: Foul Ball, location: 2F 1-2: Strikes out swinging
|
Batting: RHB Shawn Jansen
|
0-0: Called Strike 0-1: Fly out, F8 (Flyball, 8LXD, EV 91.9 MPH)
|
Batting: LHB Luis Orellana
|
0-0: Called Strike 0-1: SINGLE (Line Drive, 9S, EV 93.1 MPH)
|
Batting: LHB Pavla Markianov
|
0-0: Called Strike 0-1: Ball 1-1: Foul Ball, location: 2F 1-2: Ball 2-2: Fielders Choice at 2nd, 6-4 (Groundball, 6, EV 79.4 MPH)
|
Top of the 4th over - 0 runs, 1 hit, 0 errors, 1 left on base; University of California 2 - Clemson University 1 |
BOTTOM OF THE 4TH |
Clemson University Tigers batting - Pitching for University of California Golden Bears : RHP Phil McLaughlin
|
Batting: RHB Josh LeSage
|
0-0: Foul Ball, location: 2F 0-1: Swinging Strike 0-2: Ball 1-2: Foul Ball, location: 2F 1-2: Foul Ball, location: 2F 1-2: Ground out 4-3 (Groundball, 34, EV 78.1 MPH)
|
Batting: RHB Jason Duncan
|
0-0: Ball 1-0: Ball 2-0: Foul Ball, location: 2F 2-1: Ball 3-1: SINGLE (Groundball, P, EV 91.2 MPH) (infield hit)
|
Batting: LHB Jonathan Watt
|
0-0: Called Strike Jason Duncan steals 2nd base 0-1: Ball 1-1: Ball 2-1: Foul Ball, location: 2F 2-2: Foul Ball, location: 2F 2-2: Strikes out swinging
|
Batting: RHB Adrian Franz
|
0-0: Ball 1-0: Ball 2-0: Fly out, F8 (Flyball, 8LM, EV 97.5 MPH)
|
Bottom of the 4th over - 0 runs, 1 hit, 0 errors, 1 left on base; University of California 2 - Clemson University 1 |
TOP OF THE 5TH |
University of California Golden Bears batting - Pitching for Clemson University Tigers : RHP John Sweet
|
Batting: RHB Ahmed Elezi
|
0-0: Ball 1-0: Ball 2-0: Ball 3-0: Base on Balls
|
Batting: RHB Mike Trueblood
|
0-0: Called Strike 0-1: Ball 1-1: Ball 2-1: Ball 3-1: Sac Bunt to 13 - play at first, batter OUT! 1-4 Ahmed Elezi to second
|
Batting: LHB Carlos Gaona
|
0-0: Ball 1-0: Ball 2-0: Ball 3-0: Called Strike 3-1: Base on Balls
|
Batting: RHB Nate Mahon
|
0-0: Called Strike 0-1: Ball 1-1: Foul Ball, location: 2F 1-2: Ball 2-2: Fly out, F7 (Flyball, 78S, EV 81.2 MPH)
|
Pitching: LHP Jonathan Hughes
|
|
Batting: RHB Ivan Rivera
|
0-0: Ground out 4-3 (Groundball, 4, EV 101.9 MPH)
|
Top of the 5th over - 0 runs, 0 hits, 0 errors, 2 left on base; University of California 2 - Clemson University 1 |
BOTTOM OF THE 5TH |
Clemson University Tigers batting - Pitching for University of California Golden Bears : RHP Phil McLaughlin
|
Batting: RHB Steve Brock
|
0-0: Called Strike 0-1: Swinging Strike 0-2: Ground out 4-3 (Groundball, 4M, EV 80.6 MPH)
|
Batting: LHB Bryant Dill
|
0-0: Ball 1-0: Foul Ball, location: 2F 1-1: Swinging Strike 1-2: SINGLE (Groundball, P, EV 81.2 MPH) (infield hit)
|
Batting: RHB Ross Hallock
|
0-0: Ball 1-0: Ball Bryant Dill steals 2nd base 2-0: Ball 3-0: Called Strike 3-1: Called Strike 3-2: SINGLE (Line Drive, 5D, EV 94.4 MPH) Bryant Dill to third Runner from 3rd tries for Home, throw by LF and OUT! 7-2 Ross Hallock to second
|
Batting: LHB Steve Gates
|
0-0: Ball 1-0: Ball 2-0: Foul Ball, location: 2F 2-1: Foul Ball, location: 2F 2-2: Ball 3-2: Strikes out swinging
|
Bottom of the 5th over - 0 runs, 2 hits, 0 errors, 1 left on base; University of California 2 - Clemson University 1 |
TOP OF THE 6TH |
University of California Golden Bears batting - Pitching for Clemson University Tigers : LHP Jonathan Hughes
|
Batting: RHB Steve Kirby
|
0-0: Ball 1-0: Ball 2-0: Called Strike 2-1: Foul Ball, location: 2F 2-2: Foul Ball, location: 2F 2-2: Hit by Pitch
|
Batting: RHB Shawn Jansen
|
0-0: Called Strike 0-1: SINGLE (Line Drive, 89S, EV 103.8 MPH) Steve Kirby to second
|
Batting: LHB Luis Orellana
|
0-0: Called Strike 0-1: Sac Bunt to 13 - play at first, batter OUT! 1-3 Steve Kirby to third Shawn Jansen to second
|
Batting: LHB Pavla Markianov
|
0-0: Called Strike 0-1: Swinging Strike 0-2: Foul Ball, location: 2F 0-2: Ball 1-2: Strikes out looking
|
Batting: RHB Ahmed Elezi
|
0-0: Ball 1-0: Called Strike 1-1: Ball 2-1: Fly out, F9 (Flyball, 9D, EV 93.8 MPH)
|
Top of the 6th over - 0 runs, 1 hit, 0 errors, 2 left on base; University of California 2 - Clemson University 1 |
BOTTOM OF THE 6TH |
Clemson University Tigers batting - Pitching for University of California Golden Bears : RHP Phil McLaughlin
|
Pitching: LHP Adam Gavel
|
|
Batting: LHB Wade Girard
|
0-0: Fly out, F7 (Line Drive, 7, EV 90.6 MPH)
|
Batting: RHB Josh LeSage
|
0-0: Ball 1-0: Ball 2-0: Foul Ball, location: 2F 2-1: Ball 3-1: Base on Balls
|
Batting: RHB Jason Duncan
|
0-0: Called Strike 0-1: Swinging Strike 0-2: Ball 1-2: Strikes out swinging
|
Batting: LHB Jonathan Watt
|
0-0: Ball 1-0: Ball 2-0: Foul Ball, location: 2F 2-1: Ball 3-1: Foul Ball, location: 2F 3-2: Ground out 4-3 (Groundball, 4, EV 102.5 MPH)
|
Bottom of the 6th over - 0 runs, 0 hits, 0 errors, 1 left on base; University of California 2 - Clemson University 1 |
TOP OF THE 7TH |
University of California Golden Bears batting - Pitching for Clemson University Tigers : LHP Jonathan Hughes
|
Pitching: LHP Brian Anderson
|
|
Batting: RHB Mike Trueblood
|
0-0: Ball 1-0: Swinging Strike 1-1: Swinging Strike 1-2: Ball 2-2: Strikes out swinging
|
Batting: LHB Carlos Gaona
|
0-0: Called Strike 0-1: DOUBLE (Line Drive, 89M, EV 110.6 MPH)
|
Batting: RHB Nate Mahon
|
0-0: Called Strike 0-1: Fly out, F9 (Flyball, 89M, EV 99.4 MPH)
|
Batting: RHB Ivan Rivera
|
0-0: Called Strike 0-1: Ball 1-1: 2-RUN HOME RUN (Flyball, 7D, EV 98.1 MPH), Distance : 372 ft
|
Batting: RHB Steve Kirby
|
0-0: Ball 1-0: Fly out, F8 (Line Drive, 8RD, EV 106.9 MPH)
|
Top of the 7th over - 2 runs, 2 hits, 0 errors, 0 left on base; University of California 4 - Clemson University 1 |
BOTTOM OF THE 7TH |
Clemson University Tigers batting - Pitching for University of California Golden Bears : LHP Adam Gavel
|
Pitching: RHP Howie Abrams
|
|
Batting: RHB Adrian Franz
|
0-0: Foul Ball, location: 2F 0-1: Ball 1-1: Called Strike 1-2: Ball 2-2: Strikes out looking
|
Pitching: RHP Luis Lopez
|
|
Batting: RHB Steve Brock
|
0-0: Called Strike 0-1: DOUBLE (Line Drive, 7LM, EV 106.2 MPH)
|
Batting: LHB Bryant Dill
|
0-0: Fly out, F9 (Flyball, 9, EV 73.1 MPH) Runner from 2nd tags up, SAFE at 3rd with throw by RF
|
Batting: RHB Ross Hallock
|
0-0: Ball 1-0: Called Strike 1-1: Ball 2-1: Ball 3-1: Fly out, F7 (Line Drive, 78D, EV 93.1 MPH)
|
Bottom of the 7th over - 0 runs, 1 hit, 0 errors, 1 left on base; University of California 4 - Clemson University 1 |
TOP OF THE 8TH |
University of California Golden Bears batting - Pitching for Clemson University Tigers : LHP Brian Anderson
|
Pitching: RHP Dustin DeMent
|
|
Batting: RHB Shawn Jansen
|
0-0: Ball 1-0: Foul Ball, location: 2F 1-1: Foul Ball, location: 2F 1-2: Foul Ball, location: 2F 1-2: Foul Ball, location: 2F 1-2: Ball 2-2: Strikes out looking
|
Batting: LHB Luis Orellana
|
0-0: Called Strike 0-1: Ground out 4-3 (Groundball, 4, EV 101.9 MPH)
|
Batting: LHB Pavla Markianov
|
0-0: Called Strike 0-1: Fly out, F8 (Flyball, 89D, EV 96.2 MPH)
|
Top of the 8th over - 0 runs, 0 hits, 0 errors, 0 left on base; University of California 4 - Clemson University 1 |
BOTTOM OF THE 8TH |
Clemson University Tigers batting - Pitching for University of California Golden Bears : RHP Luis Lopez
|
Batting: LHB Steve Gates
|
0-0: Ground out 5-3 (Groundball, 56S, EV 84.4 MPH)
|
Pitching: LHP Chad Torres
|
|
Batting: LHB Wade Girard
|
0-0: Ball 1-0: Swinging Strike 1-1: Ball 2-1: Foul Ball, location: 2F 2-2: Strikes out swinging
|
Batting: RHB Josh LeSage
|
0-0: Ground out 1-3 (Groundball, 15S, EV 68.1 MPH)
|
Bottom of the 8th over - 0 runs, 0 hits, 0 errors, 0 left on base; University of California 4 - Clemson University 1 |
TOP OF THE 9TH |
University of California Golden Bears batting - Pitching for Clemson University Tigers : RHP Dustin DeMent
|
Pitching: RHP Santos Gonzales
|
|
Batting: RHB Ahmed Elezi
|
0-0: Foul Ball, location: 2F 0-1: Foul Ball, location: 2F 0-2: Strikes out swinging
|
Batting: RHB Mike Trueblood
|
0-0: Ball 1-0: Called Strike 1-1: Called Strike 1-2: Strikes out swinging
|
Batting: LHB Carlos Gaona
|
0-0: Ground out 4-3 (Groundball, 34D, EV 98.1 MPH)
|
Top of the 9th over - 0 runs, 0 hits, 0 errors, 0 left on base; University of California 4 - Clemson University 1 |
BOTTOM OF THE 9TH |
Clemson University Tigers batting - Pitching for University of California Golden Bears : LHP Chad Torres
|
Pitching: RHP Steve Clothier
|
|
Batting: RHB Jason Duncan
|
0-0: SINGLE (Groundball, 56S, EV 95.6 MPH)
|
Batting: LHB Jonathan Watt
|
0-0: Ball 1-0: Called Strike 1-1: Foul Ball, location: 2F 1-2: Foul Ball, location: 2F 1-2: Ball 2-2: DOUBLE (Line Drive, 7LM, EV 108.1 MPH) Jason Duncan to third
|
Pinch Hitting: LHB George Jedinak
|
0-0: Foul Ball, location: 2F 0-1: Ball 1-1: Foul Ball, location: 2F 1-2: Strikes out swinging
|
Batting: RHB Steve Brock
|
0-0: SINGLE (Groundball, 34D, EV 94.4 MPH) Jason Duncan scores Jonathan Watt to third
|
Batting: LHB Bryant Dill
|
0-0: Ball 1-0: Ball 2-0: Ball 3-0: Called Strike 3-1: Base on Balls Steve Brock to second
|
Pinch Hitting: LHB Mario Nunez
|
0-0: Foul Ball, location: 2F 0-1: Ball 1-1: Swinging Strike 1-2: Ball 2-2: Fly out, F3 (Line Drive, 3, EV 62.5 MPH)
|
Pitching: LHP Kimmo-Mikka Koistinen
|
|
Pinch Hitting: RHB Mike Ryan
|
0-0: Called Strike 0-1: Ball 1-1: Called Strike 1-2: Ball 2-2: Strikes out swinging
|
Bottom of the 9th over - 1 run, 3 hits, 0 errors, 3 left on base; University of California 4 - Clemson University 2 |
|